 Dungeon Crawl Stone Soup version 0.28.0 (webtiles) character file.

Game seed: 10556712520231651325

4190 Softman25 the Spear-Bearer (level 10, -11/124 HPs)
             Began as a Merfolk Gladiator on Feb 21, 2022.
             Was a Believer of Makhleb.
             Killed by vampiric draining
             ... invoked by a vampire
              (12 damage)
             ... on level 9 of the Dungeon.
             The game lasted 00:18:18 (8636 turns).

Softman25 the Spear-Bearer (Merfolk Gladiator)      Turns: 8636, Time: 00:18:18

Health: -11/124    AC: 25    Str: 18    XL:     10   Next: 29%
Magic:  14/14      EV:  2    Int:  9    God:    Makhleb [**....]
Gold:   237        SH:  5    Dex: 15    Spells: 9/9 levels left

rFire   . . .      SeeInvis .   c - +2 spear (vamp)
rCold   . . .      Faith    .   v - +0 buckler
rNeg    . . .      Spirit   .   (armour currently unavailable)
rPois   +          Reflect  .   (helmet currently unavailable)
rElec   .          Harm     .   (cloak currently unavailable)
rCorr   .          Rampage  .   (gloves currently unavailable)
Will    .....      NoTele   +   (boots currently unavailable)
Stlth   ++........              (no amulet)
HPRegen 0.30/turn               (no ring)
MPRegen 0.14/turn               (no ring)

@: tree-form
A: stationary, stasis, torment immunity, boosted hp, (nimble swimmer 2),
(mertail)
a: Renounce Religion, Minor Destruction


You were on level 9 of the Dungeon.
You worshipped Makhleb.
Makhleb was pleased with you.
You were a tree.
You visited 2 branches of the dungeon, and saw 10 of its levels.

You collected 484 gold pieces.
You spent 247 gold pieces at shops.

Inventory:

Hand Weapons
 c - a +2 vampiric spear (weapon)
Missiles
 o - 4 throwing nets (quivered)
Armour
 i - the +5 scale mail "Wacech" (melded) {Will+ Str+2}
   (You found it on level 2 of the Dungeon)

   Str:       It affects your strength (+2).
   Will:      It increases your willpower.
 n - a +0 helmet (melded)
 v - a +0 buckler (worn)
 A - the +0 pair of boots "Legiahaq" (melded) {rF+ Dex+6}
   (You bought it in a shop on level 8 of the Dungeon)

   Dex:       It affects your dexterity (+6).
   rF:        It protects you from fire.
Wands
 a - a wand of polymorph (9)
Scrolls
 e - a scroll of teleportation {unknown}
 f - a scroll of summoning
 g - a scroll of torment {unknown}
 h - a scroll of enchant weapon {unknown}
 j - a scroll of amnesia {unknown}
 m - a scroll of fog {unknown}
 t - 2 scrolls of silence
 w - a scroll of blinking {unknown}
 x - a scroll of noise {unknown}
 y - a scroll of vulnerability {unknown}
Potions
 l - 2 potions of cancellation
 p - a potion of mutation
 q - a potion of might
 s - 2 potions of lignification
 u - a potion of brilliance
 z - a potion of invisibility


   Skills:
 * Level 9.6 Fighting
 + Level 13.3 Polearms
 - Level 2.0 Throwing
 - Level 1.1 Armour
 - Level 5.6 Dodging
 - Level 0.6 Stealth
 * Level 4.2 Shields
 * Level 5.7 Invocations


You had 9 spell levels left.
You didn't know any spells.
Your spell library contained the following spells:

 Spells                   Type           Power      Damage    Failure   Level
 Conjure Flame            Conj/Fire      0%         6-21      83%         3
 Ignite Poison            Fire/Tmut/Pois 0%         N/A       83%         3
 Sticky Flame             Conj/Fire      0%         2d3       99%         4


Dungeon Overview and Level Annotations

Branches:
Dungeon (9/15)             Temple (1/1) D:4
   Lair: D:8-11         Orc: D:9-12

Altars:
Ashenzari
Cheibriados
Dithmenos
Elyvilon
Gozag
Hepliaklqana
Kikubaaqudgha
Makhleb
Nemelex Xobeh
Okawaru
Qazlal
Sif Muna
Trog
Vehumet
Wu Jian
Xom
Yredelemnul
Zin
The Shining One

Shops:
D:5 *   D:8 *


Innate Abilities, Weirdness & Mutations

You are a tree.
Your roots penetrate the ground, keeping you stationary.
You cannot be teleported.
You are immune to unholy pain and torment.
Your maximum health is greatly increased.
Your equipment is partially melded.
((You are very nimble when in or above water. (Stealth+, EV+, Speed+++)))
((Your lower body shifts to a powerful aquatic tail in water.))


Message History

You block the vampire's attack. The goblin hits you but does no damage.
You hit the vampire but do no damage.
The vampire is heavily damaged.
The gnoll hits you but does no damage.
You hit the vampire but do no damage.
The vampire is heavily damaged.
The goblin hits you but does no damage. The vampire hits you.
* * * LOW HITPOINT WARNING * * *
You block the vampire's attack. The gnoll hits you but does no damage.
You puncture the vampire!
The vampire is severely damaged.
The vampire draws life force from you!
* * * LOW HITPOINT WARNING * * *
The vampire is healed by the life force!
The goblin hits you but does no damage.
You barely miss the vampire.
The vampire is heavily damaged.
You block the orc's attack. The gnoll hits you but does no damage.
You closely miss the vampire.
The vampire is heavily damaged.
The vampire hits you but does no damage.
The vampire bites you but does no damage.
The goblin hits you but does no damage. The orc hits you but does no damage.
You puncture the vampire!
The vampire is almost destroyed.
The gnoll hits you but does no damage.
You hit the vampire.
The vampire is almost destroyed.
The vampire draws life force from you!
* * * LOW HITPOINT WARNING * * *
The vampire is healed by the life force!
You block the goblin's attack. You block the orc's attack.
Okay, then.
You hit the vampire but do no damage.
The vampire is severely damaged.
The gnoll hits you but does no damage.
You hit the vampire but do no damage.
The vampire is severely damaged.
The goblin hits you but does no damage. The vampire draws life force from you!
You die... # #≈ #≈ ## #### #≈###. ...! #≈≈≈≈ ≈≈≈≈ ...# #.##. # ####)###..##.###.# #?Vg))...# #oo..KK

#♣##)##.## #o#
#....)g..#.# #g#
#.....o..#o# #.#
##.#.###.#.#####.#
..........#g.oK...#
# ##.#.#.y.....# #
#.#..yy...#


You could see a vampire, a gnoll, an orc and a goblin.

Vanquished Creatures
  Harold (D:7)
  Erica (D:8)
  2 steam dragons (D:8)
  A water moccasin (D:7)
  An ice beast (D:6)
  A sky beast (D:6)
  An orc warrior (D:6)
  A black bear (D:6)
  2 ogres (D:5)
  3 centaurs
  2 phantoms
  A kobold brigand (D:9)
  3 bullfrogs
  A gnoll sergeant (D:4)
  2 scorpions
  A wyvern zombie (D:8)
  A water moccasin skeleton (D:6)
  9 killer bees
  2 jellies
  3 orc priests (D:9)
  A hound (D:5)
  Crazy Yiuf (D:3)
  A bullfrog skeleton (D:5)
  2 centaur skeletons
  Terence (D:2)
  2 iguanas
  3 orc wizards (D:6)
  5 gnolls (D:4)
  6 adders
  2 worms (D:5)
  4 dart slugs
  12 orcs
  4 bats
  6 endoplasms
  A giant cockroach (D:1)
  8 goblins
  8 hobgoblins
  6 jackals (D:3)
  3 quokkas
  8 ball pythons
  5 frilled lizards
  11 kobolds
  5 rats
144 creatures vanquished.

Vanquished Creatures (collateral kills)
  An orc warrior (D:9)
  A killer bee (D:9)
  3 orcs (D:9)
5 creatures vanquished.

Vanquished Creatures (others)
  6 plants
6 creatures vanquished.

Grand Total: 155 creatures vanquished

Notes
Turn   | Place    | Note
-------+----------+-------------------------------------------
     0 | D:1      | Softman25 the Merfolk Gladiator began the quest for the
                  | Orb.
     0 | D:1      | Reached XP level 1. HP: 16/16 MP: 1/1
    78 | D:1      | Reached XP level 2. HP: 5/23 MP: 2/2
    79 | D:1      | HP: 1/23 [hobgoblin (4)]
   788 | D:1      | Reached skill level 5 in Polearms
   788 | D:1      | Reached XP level 3. HP: 17/28 MP: 3/3
  1299 | D:2      | Identified the +5 scale mail "Wacech" {Will+ Str+2}
  1422 | D:2      | Noticed Terence
  1433 | D:2      | Killed Terence
  1434 | D:2      | Reached XP level 4. HP: 35/35 MP: 4/4
  1477 | D:2      | Found a faded altar of an unknown god.
  2130 | D:3      | Reached skill level 6 in Polearms
  2352 | D:3      | Reached skill level 1 in Armour
  2356 | D:3      | Reached XP level 5. HP: 41/41 MP: 5/5
  2399 | D:3      | Found a runed translucent door.
  2400 | D:3      | Noticed Crazy Yiuf
  2416 | D:3      | Killed Crazy Yiuf
  3097 | D:3      | Found a snail-covered altar of Cheibriados.
  3224 | D:4      | Found a staircase to the Ecumenical Temple.
  3233 | Temple   | Entered the Ecumenical Temple
  3344 | Temple   | Became a worshipper of Makhleb the Destroyer
  4162 | D:4      | Reached skill level 7 in Polearms
  4162 | D:4      | Reached skill level 1 in Invocations
  4162 | D:4      | Reached XP level 6. HP: 4/48 MP: 6/6
  4480 | D:5      | Entered Level 5 of the Dungeon
  4552 | D:5      | Reached skill level 5 in Dodging
  4584 | D:5      | Reached XP level 7. HP: 45/55 MP: 8/8
  4602 | D:5      | Reached skill level 8 in Polearms
  4685 | D:5      | Found a shimmering altar of Xom.
  4686 | D:5      | Found a shimmering altar of Xom.
  4844 | D:5      | Reached skill level 5 in Fighting
  4844 | D:5      | Found a shimmering altar of Xom.
  4844 | D:5      | Found a shimmering altar of Xom.
  4845 | D:5      | Found a shimmering altar of Xom.
  4847 | D:5      | Found a shimmering altar of Xom.
  5167 | D:5      | Found Zetufeff's Assorted Antiques.
  5483 | D:6      | Found an ornate altar of the Wu Jian Council.
  5515 | D:6      | Reached skill level 9 in Polearms
  5606 | D:6      | Reached XP level 8. HP: 64/64 MP: 10/10
  5847 | D:6      | Reached * piety under Makhleb
  5906 | D:6      | Found a broken altar of Ashenzari.
  5913 | D:6      | Found a radiant altar of Vehumet.
  5916 | D:6      | Found a glowing silver altar of Zin.
  5916 | D:6      | Found an iron altar of Okawaru.
  6093 | D:6      | Reached skill level 10 in Polearms
  6098 | D:6      | Found a shimmering blue altar of Sif Muna.
  6107 | D:6      | Reached skill level 1 in Shields
  6691 | D:7      | Reached XP level 9. HP: 43/72 MP: 10/12
  6704 | D:7      | Reached skill level 11 in Polearms
  7069 | D:7      | Noticed Harold
  7097 | D:7      | Killed Harold
  7275 | D:7      | Reached skill level 12 in Polearms
  7632 | D:8      | Found Ruaggemaha's Assorted Antiques.
  7637 | D:8      | Bought a pair of jewelled boots for 247 gold pieces
  7637 | D:8      | Identified the +0 pair of boots "Legiahaq" {rF+ Dex+6} (You
                  | bought it in a shop on level 8 of the Dungeon)
  7701 | D:8      | Noticed Erica
  7721 | D:8      | Killed Erica
  7722 | D:8      | Reached skill level 5 in Invocations
  7722 | D:8      | Reached XP level 10. HP: 70/83 MP: 13/13
  7879 | D:8      | Reached skill level 13 in Polearms
  7903 | D:8      | Found a shadowy altar of Dithmenos.
  8135 | D:8      | Found a stormy altar of Qazlal.
  8523 | D:9      | Reached ** piety under Makhleb
  8619 | D:9      | HP: 5/124 [vampire/vampiric draining (10)]
  8634 | D:9      | HP: 1/124 [vampire/vampiric draining (8)]
  8636 | D:9      | Killed from afar by a vampire

Illustrated notes

Levels and vault maps discovered:
D:1:      tarquinn_simple_flora_water_d, layout_loops_ring,
          lexackson_kobold_supper
D:2:      layout_basic, ebering_ecumenical_altar_rust, uniq_terence
D:3:      layout_loops_corners, grunt_temple_overflow_diamond,
          uniq_crazy_yiuf_cottage
D:4:      layout_basic, minmay_temple_entry_wispy, lightli_minifort
D:5:      layout_basic, xom_redecorated, cheibrodos_sewer_entry_bend,
          serial_shops, kennysheep_mini
D:6:      layout_rooms, kennysheep_orc_sif_temple,
          nicolae_overflow_hallway_of_the_gods, serial_bayou_ford_a
D:7:      layout_cave_pods, uniq_harold
D:8:      layout_basic, kennysheep_little_box,
          mainiacjoe_overflow_surrounded_room, serial_shops,
          nicolae_shop_waterfront, kennysheep_boxes, uniq_erica
D:9:      hangedman_cross_stitches, layout_loops_cross,
          mainiacjoe_overflow_small_starburst, minmay_orc_entry_guard_dogs,
          lightli_bailey_entry_fortress, minmay_increasing_density
Temple:   jpeg_temple_island

Skill      XL: |  1  2  3  4  5  6  7  8  9 10 |
---------------+-------------------------------+-----
Polearms       | 5 6 7 9 10 12 13 | 13.3
Fighting       | 3 4 5 7 9 |  9.6
Armour         | 1 |  1.1
Invocations    | 1 2 4 5 |  5.7
Dodging        | 5 |  5.6
Shields        | 2 3 4 |  4.2
Throwing       | |  2.0
Stealth        | |  0.6

Action                   |  1- 3 |  4- 6 |  7- 9 | 10-12 || total
-------------------------+-------+-------+-------+-------++-------
Melee: Trident           |    96 |   141 |       |       ||   237
       Punch             |     1 |     2 |       |       ||     3
       Spear             |       |   125 |   338 |   184 ||   647
Throw: Throwing net      |     3 |     1 |     2 |       ||     6
  Use: Potion            |       |     1 |     1 |     2 ||     4
       Scroll            |       |       |     4 |     5 ||     9
 Stab: Sleeping          |     1 |       |       |       ||     1
       Held in net/web   |       |     1 |     2 |       ||     3
Armor: Leather armour    |    18 |       |       |       ||    18
       Scale mail        |     4 |    78 |   115 |    53 ||   250
       Skin              |       |       |       |    39 ||    39
Dodge: Dodged            |    65 |   113 |   121 |    92 ||   391
Block: Buckler           |       |       |    32 |    56 ||    88
